 Dungeon Crawl Stone Soup version 0.22.1-1-ga44c0e5 (webtiles) character file.

32 suicidejoker the Skirmisher (level 3, 0/33 HPs)
             Began as a Ghoul Wanderer on Sept 21, 2018.
             Slain by a goblin
             ... wielding a +0 dagger
             ... led by Robin
              (2 damage)
             ... on level 2 of the Dungeon.
             The game lasted 00:02:56 (1291 turns).

suicidejoker the Skirmisher (Ghoul Wanderer)        Turns: 1291, Time: 00:02:56

Health: 0/33       AC:  2    Str: 14 (16) XL:     3   Next: 27%
Magic:  2/2        EV: 12    Int:  4 (7)  God:
Gold:   62         SH:  0    Dex:  5 (8)  Spells: 2/2 levels left

rFire    . . .     SeeInvis .   a - +3 quarterstaff
rCold    + . .     Gourm    .   (shield currently unavailable)
rNeg     + + +     Faith    .   d - +0 robe
rPois    ∞         Spirit   .   (no helmet)
rElec    .         Reflect  .   (no cloak)
rCorr    .         Harm     .   (no gloves)
MR       .....                  (no boots)
Stlth    +.........             (no amulet)
HPRegen  0.00/turn              (no ring)
MPRegen  0.08/turn              (no ring)

@: rotting
A: rotting body, claws 1, carnivore, cold resistance 1, negative energy
resistance 3, inhibited regeneration, torment resistance, unbreathing
a: no special abilities


You were on level 2 of the Dungeon.
You were not hungry.

You visited 1 branch of the dungeon, and saw 2 of its levels.

You collected 62 gold pieces.

Inventory:

Hand Weapons
 a - a +3 quarterstaff (weapon)
 b - a +0 falchion
Armour
 d - a +0 robe (worn)
Scrolls
 g - a scroll of teleportation {unknown}
 h - a scroll of fog {unknown}
 k - a scroll of random uselessness {unknown}
Potions
 j - a potion of berserk rage {unknown}
Comestibles
 f - 5 rations


   Skills:
 + Level 3.8 Fighting
 + Level 1.3 Staves
 + Level 1.0 Armour
 + Level 3.1 Dodging
 + Level 1.6 Stealth
   Level 1.0 Evocations


You had 2 spell levels left.
You didn't know any spells.
Your spell library was empty.

Dungeon Overview and Level Annotations

Branches:
Dungeon (2/15)

Altars:

Annotations:
D:2 Robin


Innate Abilities, Weirdness & Mutations

Your body is rotting away.
You thrive on raw meat.
You are immune to poison.
You have sharp fingernails.
You are carnivorous and can eat meat at any time.
Your flesh is cold resistant. (rC+)
You are immune to negative energy. (rN+++)
You do not regenerate when monsters are visible.
You are immune to unholy pain and torment.
You can survive without breathing.


Message History

Sorry, you're not good enough to have a special ability.
As you read the scroll labeled QORYKK NUKHLE, it crumbles to dust.
It is a scroll of enchant weapon.
Your +2 quarterstaff glows red for a moment.
The goblin barely misses you. x2; The goblin closely misses you.
The goblin hits you.
* * * LOW HITPOINT WARNING * * *
The goblin misses you. The goblin closely misses you.
Okay, then.
You feel better. The goblin hits you with a dagger. The goblin hits you.
* * * LOW HITPOINT WARNING * * *
The goblin hits you.
* * * LOW HITPOINT WARNING * * *
The goblin closely misses you. The goblin hits you but does no damage.
The goblin closely misses you.
It was a potion of degeneration.
There was something very wrong with that liquid.
You feel weakened.
You feel dopey.
You feel clumsy. The goblin hits you with a dagger.
You die...

. .# ... ....
######## ##.....
#.....<###gg.....
.........g@gg.....
.........gggg...g#
..........w.......
...............###
###...(........#
#............#
#............#
#............#


You could see a worm, Robin, a hobgoblin and 8 goblins.

Vanquished Creatures
  A leopard gecko (D:1)
  5 bats (D:1)
  2 giant cockroaches (D:1)
  6 goblins
  6 hobgoblins (D:1)
  4 kobolds (D:1)
  2 rats (D:1)
26 creatures vanquished.

Notes
Turn   | Place    | Note
-------+----------+-------------------------------------------
     0 | D:1      | suicidejoker the Ghoul Wanderer began the quest for the
                  | Orb.
     0 | D:1      | suicidejoker set off with: a +2 quarterstaff, a +0
                  | falchion, a potion of curing, a +0 robe, a ration
     0 | D:1      | Reached XP level 1. HP: 19/19 MP: 0/0
   320 | D:1      | Reached XP level 2. HP: 25/26 MP: 1/1
   942 | D:1      | Reached XP level 3. HP: 33/33 MP: 2/2
  1282 | D:2      | Noticed Robin
  1291 | D:2      | Slain by a goblin

Skill      XL: |  1 |
---------------+----+-----
Dodging        | 3 |  3.1
Fighting       | |  3.8
Staves         | |  1.3
Armour         | |  1.0
Stealth        | |  1.6
Evocations     | |  1.0

Action                   || total
-------------------------++-------
Melee: Quarterstaff      ||    68
  Use: Potion            ||     2
       Scroll            ||     1
 Stab: Sleeping          ||     3
  Eat: Chunk             ||    12
Armor: Robe              ||    24
Dodge: Dodged            ||    94
